 Dungeon Sprint DCSS version 0.29-a0-284-gf9362112df (webtiles) character file.

Game seed: 4901696395796766997

5 horus123 the Magician (level 1, -2/10 HPs)
             Began as a Deep Elf Conjurer on Mar 19, 2022.
             Slain by a sky beast (3 damage)
             ... in the Dungeon (Sprint IX: "|||||||||||||||||||||||||||||").
             The game lasted 00:00:46 (215 turns).

horus123 the Magician (Deep Elf Conjurer)            Turns: 215, Time: 00:00:47

Health: -2/10      AC:  2    Str:  4    XL:     1   Next: 66%
Magic:  6/9        EV: 12    Int: 22    God:
Gold:   0          SH:  0    Dex: 13    Spells: 10/11 levels left

rFire   . . .      SeeInvis .   (no weapon)
rCold   . . .      Faith    .   (no shield)
rNeg    . . .      Spirit   .   a - +0 robe
rPois   .          Reflect  .   (no helmet)
rElec   .          Harm     .   (no cloak)
rCorr   .          Rampage  .   (no gloves)
Will    .....      NoTele   +   (no boots)
Stlth   ++........              (no amulet)
HPRegen 0.03/turn               (no ring)
MPRegen 0.11/turn               (no ring)

@: no status effects
A: no striking features
a: no special abilities


You were in the Dungeon.
You visited 1 branch

Inventory:

Armour
 a - a +0 robe (worn)
Potions
 b - 3 potions of magic
 c - a potion of curing
 d - a potion of heal wounds
 e - a potion of haste
 f - a potion of berserk rage


   Skills:
 - Level 2.4 Dodging
 - Level 2.4 Stealth
 + Level 5.5 Spellcasting
 - Level 4.3 Conjurations


You had 10 spell levels left.
You knew the following spells:

 Your Spells              Type           Power      Damage    Failure   Level
a - Magic Dart            Conj           100%       1d8       1%          1

Your spell library contained the following spells:

 Spells                   Type           Power      Damage    Failure   Level
 Searing Ray              Conj           50%        2d6       2%          2
 Dazzling Flash           Conj/Hex       30%        N/A       12%         3
 Fulminant Prism          Conj/Hex       7%         3d7       36%         4
 Iskenderun's Mystic Bla  Conj/Tloc      15%        2d5       36%         4


Dungeon Overview and Level Annotations

Branches:
Dungeon (1/1)

Altars:
Cheibriados
Dithmenos
Elyvilon
Fedhas
Gozag
Hepliaklqana
Beogh
Jiyva


Message History

A phantom, 2 snakes, an ogre and a sky beast come into view.
The ogre shouts!
The water moccasin hisses angrily.
The adder hisses angrily.
The phantom hits you but does no damage.
Blink to where?
Press: ? - help, Dir - move target
As you read the scroll of blinking, it crumbles to dust.
You open the door. The sky beast closely misses you.
Found six altars.
Found a hazy altar of Hepliaklqana.
There is an open door to the Temple here.
Found a viscous altar of Jiyva.
There is a roughly hewn altar of Beogh here.
Aiming: Magic Dart (safe; 1% risk of failure)
Press: ? - help, Q - select action Shift-Dir - straight line, f - sky beast
Aim: a sky beast (100% to hit)
The magic dart hits the sky beast!
The sky beast is moderately wounded.
The sky beast flickers out of sight!
Deactivating autopickup; reactivate with Ctrl-A.
Something hits you. Something shocks you.
Ouch! That really hurt!
* * * LOW HITPOINT WARNING * * *
Aiming: Magic Dart (safe; 1% risk of failure)
Press: ? - help, Q - select action Shift-Dir - straight line, f - ogre
Aim: an ogre, wielding a +0 giant club (100% to hit)
The magic dart hits something.
A sky beast appears from thin air!
Reactivating autopickup.
The sky beast barely misses you.
Unknown command.
Press < or > to pray at altars.
Aiming: Magic Dart (safe; 1% risk of failure)
Press: ? - help, Q - select action Shift-Dir - straight line, f/p - ogre
Aim: an ogre, wielding a +0 giant club (100% to hit)
The magic dart hits the sky beast.
The sky beast is moderately wounded.
The sky beast flickers out of sight!
Deactivating autopickup; reactivate with Ctrl-A.
Something hits you.
You die...

▓.▓
▓'▓
▓.▓
▓W▓
▓S▓
▓S▓
▓O▓
▓{▓
▓@▓
▓_▓
▓_▓
▓_▓
▓_▓
▓_▓
▓_▓
▓_▓


You could see a water moccasin, an ogre, a phantom and an adder.

Vanquished Creatures
  An endoplasm (D)
  A hobgoblin (D)
  A quokka (D)
  A ball python (D)
  A rat (D)
5 creatures vanquished.

Notes
Turn   | Place    | Note
-------+----------+-------------------------------------------
     0 | D        | horus123 the Deep Elf Conjurer began the quest for the Orb.
     0 | D        | Reached XP level 1. HP: 10/10 MP: 6/6
     6 | D        | Reached skill level 4 in Spellcasting
     9 | D        | Reached skill level 5 in Spellcasting
   205 | D        | Noticed a phantom
   205 | D        | Noticed a water moccasin
   205 | D        | Noticed an ogre
   205 | D        | Noticed a sky beast
   210 | D        | Found a snail-covered altar of Cheibriados.
   210 | D        | Found a shadowy altar of Dithmenos.
   210 | D        | Found a white marble altar of Elyvilon.
   210 | D        | Found a blossoming altar of Fedhas.
   210 | D        | Found an opulent altar of Gozag.
   211 | D        | Found a hazy altar of Hepliaklqana.
   212 | D        | Found a viscous altar of Jiyva.
   215 | D        | Slain by a sky beast

Illustrated notes

Levels and vault maps discovered:
D:        linesprint [early_d, line_temple, items_1, d_10, items_2, lair_1,
          lair_end, items_3, orc_1, orc_end, items_4, d_15, swamp_1, shoals_1,
          snake_1, spider_1, d_20, vaults_1, items_5, swamp_end, shoals_end,
          snake_end, spider_end, vaults_end, d_27, items_6, zot_1, zot_end,
          crypt_end, forest_end, elf_end, slime_end, tomb_end, abyss_end,
          pan_hell_end]

Skill      XL: |  1 |
---------------+----+-----
Spellcasting   | 5 |  5.5
Dodging        | |  2.4
Stealth        | |  2.4
Conjurations   | |  4.3

Action                   || total
-------------------------++-------
 Cast: Magic Dart        ||    10
  Use: Scroll            ||     1
Armor: Robe              ||     5
Dodge: Dodged            ||     5

Table legend: (Time is in decaauts)
 A = Elapsed time spent in this place.
 B = Non-inter-level travel time spent in this place.
 C = Inter-level travel time spent in this place.
 D = Time resting spent in this place.
 E = Time spent auto-exploring this place.
 F = Levels seen in this place.
 G = Mean time per level.
                   A        B        C        D        E       F      G
               +--------+--------+--------+--------+--------+-----+--------+
         Total |    215 |    215 |      0 |    181 |      0 |   1 |  215.0 |
       Dungeon |    215 |    215 |      0 |    181 |      0 |   1 |  215.0 |
               +--------+--------+--------+--------+--------+-----+--------+

Top non-repeatable levels by time:
       D: 215 daAuts
